TOP OF THE 1ST |
San Francisco (APP) Giants batting - Pitching for Grand Junction Rockies : RHP Jerry Dunne
|
Pitching: RHP Jerry Dunne
|
|
Batting: RHB Ryan Bentz
|
0-0: Swinging Strike 0-1: Ball 1-1: Ball 2-1: Foul Ball, location: 2F 2-2: Ball 3-2: Strikes out swinging
|
Batting: RHB Jeremy Bailey
|
0-0: Swinging Strike 0-1: Swinging Strike 0-2: Ball 1-2: Strikes out swinging
|
Batting: RHB Jason Gregor
|
0-0: Foul Ball, location: 2F 0-1: Ball 1-1: Called Strike 1-2: Strikes out swinging
|
Top of the 1st over - 0 runs, 0 hits, 0 errors, 0 left on base; San Francisco (APP) 0 - Grand Junction 0 |
BOTTOM OF THE 1ST |
Grand Junction Rockies batting - Pitching for San Francisco (APP) Giants : LHP Diego Tellez
|
Pitching: LHP Diego Tellez
|
|
Batting: RHB Kevin Tangeman
|
0-0: SOLO HOME RUN (Flyball, 7LD, EV 93.1 MPH), Distance : 334 ft
|
Batting: RHB Ray Insley
|
0-0: Called Strike 0-1: Ball 1-1: Swinging Strike 1-2: Ball 2-2: Foul Ball, location: 2F 2-2: Ball 3-2: Foul Ball, location: 2F 3-2: Foul Ball, location: 2F 3-2: SINGLE (Groundball, 56D, EV 95.0 MPH)
|
Batting: RHB T.J. Williams
|
0-0: Grounds into double play, 6-4-3 (Groundball, 6, EV 104.4 MPH)
|
Batting: RHB Zakhar Edelman
|
0-0: Called Strike 0-1: Swinging Strike 0-2: Foul Ball, location: 2F 0-2: Foul Ball, location: 2F 0-2: Strikes out looking
|
Bottom of the 1st over - 1 run, 2 hits, 0 errors, 0 left on base; San Francisco (APP) 0 - Grand Junction 1 |
TOP OF THE 2ND |
San Francisco (APP) Giants batting - Pitching for Grand Junction Rockies : RHP Jerry Dunne
|
Batting: LHB Chris West
|
0-0: Ground out 4-3 (Groundball, 4M, EV 95.6 MPH)
|
Batting: LHB Alex Larangho
|
0-0: Ball 1-0: Called Strike 1-1: Called Strike 1-2: Ball 2-2: Ground out U3 (Groundball, 3L, EV 106.2 MPH)
|
Batting: RHB Zach Maguire
|
0-0: Ball 1-0: Ball 2-0: Ball 3-0: Called Strike 3-1: SOLO HOME RUN (Flyball, 7D, EV 100.6 MPH), Distance : 390 ft
|
Batting: RHB Teruhide Horiuchi
|
0-0: SINGLE (Groundball, 56D, EV 108.8 MPH)
|
Batting: RHB Vinny Torres
|
0-0: Ball 1-0: Foul Ball, location: 2F 1-1: Swinging Strike 1-2: Ball 2-2: Reached via error on a dropped throw from SS, E3 (Groundball, 6M, EV 108.1 MPH) Teruhide Horiuchi to second
|
Batting: RHB Chris Kulik
|
0-0: Foul Ball, location: 2F 0-1: Ball 1-1: Fly out, F8 (Flyball, 8LM, EV 86.2 MPH)
|
Top of the 2nd over - 1 run, 2 hits, 1 error, 2 left on base; San Francisco (APP) 1 - Grand Junction 1 |
BOTTOM OF THE 2ND |
Grand Junction Rockies batting - Pitching for San Francisco (APP) Giants : LHP Diego Tellez
|
Batting: RHB Matviy Oliynyk
|
0-0: Ball 1-0: Foul Ball, location: 2F 1-1: Ball 2-1: Ground out 6-3 (Groundball, 6, EV 97.5 MPH)
|
Batting: SHB Craig Ruzic
|
0-0: SINGLE (Flyball, 9LS, EV 98.8 MPH)
|
Batting: RHB Maurice Moore
|
0-0: DOUBLE (Line Drive, 5D, EV 107.5 MPH) Craig Ruzic to third
|
Pinch Runner at 2nd Willie Benito:
|
|
Batting: SHB Justin Jackson
|
0-0: Ball 1-0: Ball 2-0: Ball 3-0: Base on Balls
|
Batting: RHB Charles Blatchford
|
0-0: Ball 1-0: Ball 2-0: Ball 3-0: Called Strike 3-1: Fly out, F4 (Line Drive, 4, EV 67.5 MPH)
|
Batting: RHB Kevin Tangeman
|
0-0: Called Strike 0-1: GRAND SLAM HOME RUN (Flyball, 78XD, EV 114.4 MPH), Distance : 428 ft
|
Batting: RHB Ray Insley
|
0-0: Ball 1-0: Called Strike 1-1: Fly out, F7 (Flyball, 78D, EV 93.1 MPH)
|
Bottom of the 2nd over - 4 runs, 3 hits, 0 errors, 0 left on base; San Francisco (APP) 1 - Grand Junction 5 |
TOP OF THE 3RD |
San Francisco (APP) Giants batting - Pitching for Grand Junction Rockies : RHP Jerry Dunne
|
Now at 2B: Justin Jackson
|
|
Now at SS: Willie Benito
|
|
Batting: RHB Ryan Bentz
|
0-0: Fly out, F9 (Flyball, 89M, EV 88.1 MPH)
|
Batting: RHB Jeremy Bailey
|
0-0: Ball 1-0: Ball 2-0: Ball 3-0: Called Strike 3-1: Called Strike 3-2: SINGLE (Groundball, 6MD, EV 102.5 MPH)
|
Batting: RHB Jason Gregor
|
0-0: Called Strike 0-1: Ball 1-1: TRIPLE (Flyball, 78XD, EV 96.9 MPH) Jeremy Bailey scores
|
Batting: LHB Chris West
|
0-0: Ball 1-0: Fly out, F8 (Flyball, 8RM, EV 90.6 MPH) Runner from 3rd tags up, SCORES, throw by CF
|
Batting: LHB Alex Larangho
|
0-0: Ball 1-0: Ground out U3 (Groundball, 3, EV 108.1 MPH)
|
Top of the 3rd over - 2 runs, 2 hits, 0 errors, 0 left on base; San Francisco (APP) 3 - Grand Junction 5 |
BOTTOM OF THE 3RD |
Grand Junction Rockies batting - Pitching for San Francisco (APP) Giants : LHP Diego Tellez
|
Batting: RHB T.J. Williams
|
0-0: Ball 1-0: Ball 2-0: Ball 3-0: Base on Balls
|
Batting: RHB Zakhar Edelman
|
0-0: 2-RUN HOME RUN (Flyball, 7D, EV 104.4 MPH), Distance : 388 ft
|
Pitching: RHP Mike Zambrano Jr.
|
|
Batting: RHB Matviy Oliynyk
|
0-0: Ball 1-0: Ball 2-0: Ball 3-0: Base on Balls
|
Batting: SHB Craig Ruzic
|
0-0: Called Strike 0-1: Ball 1-1: Swinging Strike Matviy Oliynyk is caught stealing 2nd base 2-6 1-2: Strikes out looking
|
Batting: RHB Willie Benito
|
0-0: Ball 1-0: Called Strike 1-1: Foul Ball, location: 2F 1-2: Ball 2-2: Fly out, F9 (Flyball, 89S, EV 86.2 MPH)
|
Bottom of the 3rd over - 2 runs, 1 hit, 0 errors, 0 left on base; San Francisco (APP) 3 - Grand Junction 7 |
TOP OF THE 4TH |
San Francisco (APP) Giants batting - Pitching for Grand Junction Rockies : RHP Jerry Dunne
|
Batting: RHB Zach Maguire
|
0-0: Called Strike 0-1: Ball 1-1: Swinging Strike 1-2: Ball 2-2: Ball 3-2: Strikes out swinging
|
Batting: RHB Teruhide Horiuchi
|
0-0: Ground out 6-3 (Groundball, 6, EV 81.2 MPH)
|
Batting: RHB Vinny Torres
|
0-0: Fly out, F6 (Popup, P, EV 74.4 MPH)
|
Top of the 4th over - 0 runs, 0 hits, 0 errors, 0 left on base; San Francisco (APP) 3 - Grand Junction 7 |
BOTTOM OF THE 4TH |
Grand Junction Rockies batting - Pitching for San Francisco (APP) Giants : RHP Mike Zambrano Jr.
|
Batting: SHB Justin Jackson
|
0-0: Ground out 4-3 (Groundball, 4, EV 86.2 MPH)
|
Batting: RHB Charles Blatchford
|
0-0: Ball 1-0: Ball 2-0: Ball 3-0: Base on Balls
|
Batting: RHB Kevin Tangeman
|
0-0: Ball 1-0: Ball 2-0: Called Strike 2-1: Ball 3-1: Base on Balls Charles Blatchford to second
|
Pitching: RHP Sergio Silva
|
|
Batting: RHB Ray Insley
|
0-0: Ball 1-0: Swinging Strike 1-1: Grounds into double play, 5-4-3 (Groundball, 56, EV 106.2 MPH)
|
Bottom of the 4th over - 0 runs, 0 hits, 0 errors, 1 left on base; San Francisco (APP) 3 - Grand Junction 7 |
TOP OF THE 5TH |
San Francisco (APP) Giants batting - Pitching for Grand Junction Rockies : RHP Jerry Dunne
|
Batting: RHB Chris Kulik
|
0-0: Ground out 4-3 (Groundball, 4M, EV 76.2 MPH)
|
Batting: RHB Ryan Bentz
|
0-0: Called Strike 0-1: Foul Ball, location: 2F 0-2: SINGLE (Groundball, 34D, EV 98.1 MPH)
|
Batting: RHB Jeremy Bailey
|
Pickoff Play to 1st, Runner tries for 2nd, SAFE after rundown. 0-0: Ground out 5-3 (Groundball, 56S, EV 66.9 MPH) Ryan Bentz to third
|
Batting: RHB Jason Gregor
|
0-0: Ball 1-0: Fly out, F6 (Popup, 6S, EV 68.8 MPH)
|
Top of the 5th over - 0 runs, 1 hit, 0 errors, 1 left on base; San Francisco (APP) 3 - Grand Junction 7 |
BOTTOM OF THE 5TH |
Grand Junction Rockies batting - Pitching for San Francisco (APP) Giants : RHP Sergio Silva
|
Batting: RHB T.J. Williams
|
0-0: Ball 1-0: Ball 2-0: Called Strike 2-1: Called Strike 2-2: Strikes out looking
|
Batting: RHB Zakhar Edelman
|
0-0: Ball 1-0: Ball 2-0: Ball 3-0: Called Strike 3-1: Base on Balls
|
Batting: RHB Matviy Oliynyk
|
0-0: Called Strike Zakhar Edelman steals 2nd base 0-1: Ball Zakhar Edelman is caught stealing 3rd base 2-5 1-1: Ball 2-1: Fly out, F8 (Flyball, 89M, EV 85.0 MPH)
|
Bottom of the 5th over - 0 runs, 0 hits, 0 errors, 0 left on base; San Francisco (APP) 3 - Grand Junction 7 |
TOP OF THE 6TH |
San Francisco (APP) Giants batting - Pitching for Grand Junction Rockies : RHP Jerry Dunne
|
Batting: LHB Chris West
|
0-0: Ball 1-0: Foul Ball, location: 2F 1-1: Ball 2-1: Foul Ball, location: 2F 2-2: SINGLE (Line Drive, 4D, EV 96.2 MPH)
|
Batting: LHB Alex Larangho
|
0-0: Called Strike 0-1: Foul Ball, location: 2F 0-2: Ball 1-2: 2-RUN HOME RUN (Flyball, 7LD, EV 93.1 MPH), Distance : 341 ft
|
Pitching: RHP Jim Crooks
|
|
Batting: RHB Zach Maguire
|
0-0: Ball 1-0: Called Strike 1-1: Reached on error, E3 (Groundball, 34, EV 105.6 MPH)
|
Batting: RHB Teruhide Horiuchi
|
0-0: Called Strike 0-1: Called Strike 0-2: Ball 1-2: Fly out, F8 (Flyball, 78S, EV 91.2 MPH)
|
Pinch Hitting: RHB Edwin Verdugo
|
0-0: Ball 1-0: Called Strike 1-1: Called Strike 1-2: Ball Wild Pitch! Zach Maguire to second 2-2: Foul Ball, location: 2F 2-2: Ball 3-2: Foul Ball, location: 2F 3-2: Base on Balls
|
Batting: RHB Chris Kulik
|
0-0: 3-RUN HOME RUN (Flyball, 7LD, EV 93.8 MPH), Distance : 355 ft
|
Batting: RHB Ryan Bentz
|
0-0: Ball 1-0: Ball 2-0: Ball 3-0: Base on Balls
|
Batting: RHB Jeremy Bailey
|
0-0: Called Strike Ryan Bentz is caught stealing 2nd base 2-4 0-1: Ground out 6-3 (Groundball, 6, EV 101.9 MPH)
|
Top of the 6th over - 5 runs, 3 hits, 1 error, 0 left on base; San Francisco (APP) 8 - Grand Junction 7 |
BOTTOM OF THE 6TH |
Grand Junction Rockies batting - Pitching for San Francisco (APP) Giants : RHP Sergio Silva
|
Now in LF: Harry Dickson
|
|
Batting: SHB Craig Ruzic
|
0-0: Ball 1-0: Foul Ball, location: 2F 1-1: Ground out 6-3 (Groundball, 6, EV 96.2 MPH)
|
Batting: RHB Willie Benito
|
0-0: Foul Ball, location: 2F 0-1: Ball 1-1: Foul Ball, location: 2F 1-2: Foul Ball, location: 2F 1-2: Foul Ball, location: 2F 1-2: Fly out, F7 (Flyball, 7, EV 95.6 MPH)
|
Pitching: LHP Jeff Briggs
|
|
Batting: SHB Justin Jackson
|
0-0: Ball 1-0: Foul Ball, location: 2F 1-1: Fly out, F8 (Flyball, 78D, EV 101.9 MPH)
|
Bottom of the 6th over - 0 runs, 0 hits, 0 errors, 0 left on base; San Francisco (APP) 8 - Grand Junction 7 |
TOP OF THE 7TH |
San Francisco (APP) Giants batting - Pitching for Grand Junction Rockies : RHP Jim Crooks
|
Batting: RHB Jason Gregor
|
0-0: Called Strike 0-1: Foul Ball, location: 2F 0-2: Foul Ball, location: 2F 0-2: Ball 1-2: Fly out, F8 (Line Drive, 8LM, EV 91.2 MPH)
|
Batting: LHB Chris West
|
0-0: Fly out, F7 (Flyball, 78S, EV 91.2 MPH)
|
Batting: LHB Alex Larangho
|
0-0: Ball 1-0: Ball 2-0: Ball 3-0: Base on Balls
|
Pitching: RHP Don Carriere
|
|
Batting: RHB Zach Maguire
|
0-0: Ball Alex Larangho is caught stealing 2nd base 2-4
|
Top of the 7th over - 0 runs, 0 hits, 0 errors, 0 left on base; San Francisco (APP) 8 - Grand Junction 7 |
BOTTOM OF THE 7TH |
Grand Junction Rockies batting - Pitching for San Francisco (APP) Giants : LHP Jeff Briggs
|
Now at 1B: Jason Gregor
|
|
Now at 2B: Josh Truell
|
|
Now at 3B: Teruhide Horiuchi
|
|
Now at SS: Zach Maguire
|
|
Batting: RHB Charles Blatchford
|
0-0: Ball 1-0: Called Strike 1-1: Called Strike 1-2: Ball 2-2: Strikes out swinging
|
Batting: RHB Kevin Tangeman
|
0-0: Ball 1-0: Ball 2-0: Ball 3-0: Base on Balls
|
Batting: RHB Ray Insley
|
0-0: Ball 1-0: Fly out, F8 (Flyball, 78M, EV 88.8 MPH)
|
Batting: RHB T.J. Williams
|
0-0: Ball 1-0: Ball Kevin Tangeman steals 2nd, throwing error, E2 Kevin Tangeman to third 2-0: Ball 3-0: Called Strike 3-1: Ground out U3 (Groundball, 34, EV 89.4 MPH)
|
Bottom of the 7th over - 0 runs, 0 hits, 1 error, 1 left on base; San Francisco (APP) 8 - Grand Junction 7 |
TOP OF THE 8TH |
San Francisco (APP) Giants batting - Pitching for Grand Junction Rockies : RHP Don Carriere
|
Batting: RHB Zach Maguire
|
0-0: Fly out, F7 (Flyball, 7D, EV 96.9 MPH)
|
Batting: RHB Teruhide Horiuchi
|
0-0: Called Strike 0-1: Fly out, F8 (Flyball, 8RD, EV 100.6 MPH)
|
Batting: RHB Harry Dickson
|
0-0: DOUBLE (Groundball, 5L, EV 107.5 MPH)
|
Batting: RHB Chris Kulik
|
0-0: Called Strike 0-1: Swinging Strike 0-2: Ball 1-2: Foul Ball, location: 2F 1-2: Strikes out swinging
|
Top of the 8th over - 0 runs, 1 hit, 0 errors, 1 left on base; San Francisco (APP) 8 - Grand Junction 7 |
BOTTOM OF THE 8TH |
Grand Junction Rockies batting - Pitching for San Francisco (APP) Giants : LHP Jeff Briggs
|
Pitching: LHP Ricky Coats
|
|
Batting: RHB Zakhar Edelman
|
0-0: Called Strike 0-1: Called Strike 0-2: Fly out, F9 (Flyball, 9S, EV 88.8 MPH)
|
Batting: RHB Matviy Oliynyk
|
0-0: Called Strike 0-1: Ball 1-1: SOLO HOME RUN (Flyball, 7D, EV 97.5 MPH), Distance : 383 ft
|
Batting: SHB Craig Ruzic
|
0-0: Ball 1-0: Foul Ball, location: 2F 1-1: SINGLE (Groundball, 6MS, EV 71.9 MPH) (infield hit)
|
Batting: RHB Willie Benito
|
0-0: Reached on error, E6 (Groundball, 6, EV 103.8 MPH) Craig Ruzic to second
|
Batting: SHB Justin Jackson
|
0-0: Ball 1-0: Ball 2-0: Fly out, F9 (Flyball, 9, EV 92.5 MPH) Runner from 2nd tags up, OUT at 3rd! 9-5
|
Bottom of the 8th over - 1 run, 2 hits, 1 error, 1 left on base; San Francisco (APP) 8 - Grand Junction 8 |
TOP OF THE 9TH |
San Francisco (APP) Giants batting - Pitching for Grand Junction Rockies : RHP Don Carriere
|
Batting: RHB Ryan Bentz
|
0-0: Ball 1-0: Ball 2-0: Called Strike 2-1: Swinging Strike 2-2: Foul Ball, location: 2F 2-2: Ball 3-2: Base on Balls
|
Batting: RHB Jeremy Bailey
|
0-0: Ball 1-0: SINGLE (Groundball, 6D, EV 103.8 MPH) Ryan Bentz to second
|
Batting: RHB Jason Gregor
|
0-0: Called Strike 0-1: Ball 1-1: DOUBLE (Line Drive, 9LS, EV 90.0 MPH) Ryan Bentz scores Jeremy Bailey to third
|
Batting: RHB Josh Truell
|
0-0: Ball 1-0: Foul Ball, location: 2F 1-1: Foul Ball, location: 2F 1-2: Ball 2-2: Foul Ball, location: 2F 2-2: Foul Ball, location: 2F 2-2: Ball 3-2: Foul Ball, location: 2F 3-2: Ground out 5-3 (Groundball, 5S, EV 79.4 MPH)
|
Pitching: RHP Ricardo Roman
|
|
Batting: LHB Alex Larangho
|
0-0: Called Strike 0-1: Ball 1-1: Fly out, F9 (Flyball, 9S, EV 80.6 MPH)
|
Batting: RHB Zach Maguire
|
0-0: Foul Ball, location: 2F 0-1: Foul Ball, location: 2F 0-2: Strikes out swinging
|
Top of the 9th over - 1 run, 2 hits, 0 errors, 2 left on base; San Francisco (APP) 9 - Grand Junction 8 |
BOTTOM OF THE 9TH |
Grand Junction Rockies batting - Pitching for San Francisco (APP) Giants : LHP Ricky Coats
|
Batting: RHB Charles Blatchford
|
0-0: Ball 1-0: Foul Ball, location: 2F 1-1: Ball 2-1: Ball 3-1: Foul Ball, location: 2F 3-2: Base on Balls
|
Pitching: RHP Kip Connolly
|
|
Batting: RHB Kevin Tangeman
|
0-0: Bunted foul 0-1: Bunt missed! 0-2: Ball 1-2: Reached on error, E9 (Flyball, 9, EV 84.4 MPH) Charles Blatchford to second
|
Pinch Runner at 2nd Chris Osting:
|
|
Batting: RHB Ray Insley
|
0-0: Called Strike 0-1: Bunted foul 0-2: Ball 1-2: Foul Ball, location: 2F 1-2: Ball 2-2: Ball 3-2: Foul Ball, location: 2F 3-2: Foul Ball, location: 2F 3-2: Foul Ball, location: 2F 3-2: SINGLE (Groundball, 56, EV 96.9 MPH) Chris Osting to third Kevin Tangeman to second Runner from 3rd tries for Home, throw by LF and OUT! 7-2
|
Batting: RHB T.J. Williams
|
0-0: Called Strike 0-1: DOUBLE (Line Drive, 9LD, EV 101.2 MPH) Kevin Tangeman scores Ray Insley to third Runner from 3rd tries for Home, throw by RF and OUT! 9-4-2 T.J. Williams to third
|
Batting: RHB Zakhar Edelman
|
0-0: Ball 1-0: Foul Ball, location: 2F 1-1: Foul Ball, location: 2F 1-2: Ball 2-2: Ball 3-2: Base on Balls
|
Pitching: RHP Jonathan Fritzinger
|
|
Batting: RHB Matviy Oliynyk
|
0-0: Ball 1-0: Ball 2-0: Called Strike 2-1: Foul Ball, location: 2F 2-2: Strikes out looking
|
Bottom of the 9th over - 1 run, 2 hits, 1 error, 2 left on base; San Francisco (APP) 9 - Grand Junction 9 |
TOP OF THE 10TH |
San Francisco (APP) Giants batting - Pitching for Grand Junction Rockies : RHP Ricardo Roman
|
Now at C: Yamashita Yagi
|
|
Batting: RHB Teruhide Horiuchi
|
0-0: Called Strike 0-1: Foul Ball, location: 2F 0-2: Ball 1-2: Foul Ball, location: 2F 1-2: Strikes out looking
|
Batting: RHB Harry Dickson
|
0-0: Ball 1-0: Ball 2-0: Ball 3-0: Called Strike 3-1: Foul Ball, location: 2F 3-2: Base on Balls
|
Pinch Hitting: LHB Takaaki Nishimoto
|
0-0: Ball 1-0: Ball 2-0: Swinging Strike 2-1: Called Strike 2-2: Foul Ball, location: 2F 2-2: Foul Ball, location: 2F 2-2: Strikes out swinging
|
Pitching: RHP Bobby Servin
|
|
Batting: RHB Ryan Bentz
|
0-0: Ball 1-0: Called Strike 1-1: Foul Ball, location: 2F 1-2: Ball 2-2: Strikes out looking
|
Top of the 10th over - 0 runs, 0 hits, 0 errors, 1 left on base; San Francisco (APP) 9 - Grand Junction 9 |
BOTTOM OF THE 10TH |
Grand Junction Rockies batting - Pitching for San Francisco (APP) Giants : RHP Jonathan Fritzinger
|
Now at C: Joe Nelson
|
|
Batting: SHB Craig Ruzic
|
0-0: Ball 1-0: Ball 2-0: Ball 3-0: Called Strike 3-1: Fly out, F7 (Flyball, 7S, EV 93.1 MPH)
|
Batting: RHB Willie Benito
|
0-0: Foul Ball, location: 2F 0-1: Foul Ball, location: 2F 0-2: Foul Ball, location: 2F 0-2: Ball 1-2: Foul Ball, location: 2F 1-2: Ball 2-2: Foul Ball, location: 2F 2-2: Ball 3-2: Fly out, F7 (Flyball, 78S, EV 71.9 MPH)
|
Pitching: RHP Wally Dethridge
|
|
Batting: SHB Justin Jackson
|
0-0: Swinging Strike 0-1: Ball 1-1: Ball 2-1: TRIPLE (Line Drive, 9D, EV 105.6 MPH)
|
Pinch Hitting: LHB Jason Ryan
|
0-0: Intentional Walk
|
Batting: RHB Kevin Tangeman
|
0-0: Called Strike 0-1: Swinging Strike 0-2: Ball Wild Pitch! Justin Jackson scores
|
Bottom of the 10th over - 1 run, 1 hit, 0 errors, 1 left on base; San Francisco (APP) 9 - Grand Junction 10 |
|